 Dungeon Crawl Stone Soup version 0.30-a0-404-g0b3c3f4973 (webtiles) character file.

Game seed: 6580364608431158816

4 funkygono the Firebug (level 1, 0/13 HPs)
             Began as a Demonspawn Fire Elementalist on Dec 7, 2022.
             Succumbed to an adder's poison
             ... on level 2 of the Dungeon.
             The game lasted 00:00:26 (146 turns).

funkygono the Firebug (Demonspawn Fire Elementalist) Turns: 146, Time: 00:00:26

Health: 0/13       AC:  2    Str:  8    XL:     1   Next: 58%
Magic:  2/3        EV: 12    Int: 16    God:
Gold:   10         SH:  0    Dex: 13    Spells: 3/4 levels left

rFire   . . .      SeeInvis .    (no weapon)
rCold   . . .      Faith    .    (no shield)
rNeg    . . .      Spirit   .    a - +0 robe
rPois   .          Reflect  .    (no helmet)
rElec   .          Harm     .    (no cloak)
rCorr   .          Rampage  .    (no gloves)
Will    .....                    (no boots)
Stlth   ++........               (no amulet)
HPRegen 0.22/turn                (no ring)
MPRegen 0.08/turn                (no ring)

@: lethally poisoned (0 -> -7), very slightly contaminated
A: no striking features
a: no special abilities


You were on level 2 of the Dungeon.
You visited 1 branch of the dungeon, and saw 2 of its levels.

You collected 10 gold pieces.

Inventory:

Armour
 a - a +0 robe (worn)


   Skills:
 + Level 1.9 Dodging
 - Level 1.7 Stealth
 + Level 2.0 Spellcasting
 + Level 1.0 Conjurations
 + Level 2.9 Fire Magic


You had 3 spell levels left.
You knew the following spells:

 Your Spells              Type           Power      Damage    Failure   Level
a - Foxfire               Conj/Fire      28%        2x1d5     10%         1

Your spell library contained the following spells:

 Spells                   Type           Power      Damage    Failure   Level
 Scorch                   Fire           20%        2d6       10%         2
 Inner Flame              Hex/Fire       6%         N/A       34%         3
 Kindle Blastsparks       Fire/Tloc/Air  8%         2d10      38%         3
 Flame Wave               Conj/Fire      7%         2d5       67%         4


Dungeon Overview and Level Annotations

Branches:
Dungeon (1/15)

Altars:


Message History

You conjure some foxfire!
The adder hisses angrily.
You hear a shout!
A goblin comes into view. It is wielding a +0 club.
The foxfire hits the adder.
The adder is heavily wounded.
The foxfire hits the adder.
The adder is heavily wounded.
The adder bites you.
Casting: Foxfire (safe; 10% risk of failure)
Confirm with . or Enter, or press ? or * to list all spells.
You miscast Foxfire.
You are very lightly contaminated with residual magic.
Nothing appears to happen.
The quokka closely misses you. The adder bites you.
You are poisoned.
The adder poisons you! The quokka barely misses you.
The adder attacks as you move away! The adder misses you.
You feel sick. The adder closely misses you.
Casting: Foxfire (safe; 10% risk of failure)
Confirm with . or Enter, or press ? or * to list all spells.
You conjure some foxfire!
You feel sick. The quokka misses you. The adder closely misses you.
The goblin hits you with a +0 club.
* * * LOW HITPOINT WARNING * * *
Unknown command.
* * * LOW HITPOINT WARNING * * *
You feel sick.
The foxfire hits the adder.
The adder is severely wounded.
The foxfire hits the adder.
The adder is almost dead.
Unknown command.
Magic courses through your body.
* * * LOW HITPOINT WARNING * * *
You feel sick. The adder bites you.
* * * LOW HITPOINT WARNING * * *
You are more poisoned.
The adder poisons you! The quokka misses you. The goblin closely misses you.
The adder barely misses you.
Casting: Foxfire (safe; 10% risk of failure)
Confirm with . or Enter, or press ? or * to list all spells.
You miscast Foxfire.
Nothing appears to happen.
You die...

#.#.#. ...#
#.$#?# ..$.#
#.#.. #....###
#..#(#.#......
#.#.#.#.......
#.............
#......#......
.####...gSr#
.....
.........@.#
####
.)!........#
...........#
+###########


You could see an adder, a quokka and a goblin.

Vanquished Creatures
  2 ball pythons (D:1)
  A bat (D:1)
  A giant cockroach (D:1)
4 creatures vanquished.

Vanquished Creatures (others)
  12 foxfires
12 creatures vanquished.

Grand Total: 16 creatures vanquished

Notes
Turn   | Place    | Note
-------+----------+-------------------------------------------
     0 | D:1      | funkygono the Demonspawn Fire Elementalist began the quest
                  | for the Orb.
     0 | D:1      | Reached XP level 1. HP: 13/13 MP: 3/3
   131 | D:1      | You fall into a shaft and drop 1 floor!
   146 | D:2      | Succumbed to an adder's poison

Illustrated notes

Levels and vault maps discovered:
D:1:      minmay_arrival_five_plusses, layout_loops_corners
D:2:      layout_basic, hellmonk_ecumenical_altar_slurped_away, basic_altar,
          minmay_tiny_reverse_x, uniq_crazy_yiuf_cottage

Action                   || total
-------------------------++-------
Melee: Unarmed           ||     5
 Cast: Foxfire           ||     7
  Use: Potion            ||     1
Armor: Robe              ||     4
Dodge: Dodged            ||    19

Table legend: (Time is in decaauts)
 A = Elapsed time spent in this place.
 B = Non-inter-level travel time spent in this place.
 C = Inter-level travel time spent in this place.
 D = Time resting spent in this place.
 E = Time spent auto-exploring this place.
 F = Levels seen in this place.
 G = Mean time per level.
                   A        B        C        D        E       F      G
               +--------+--------+--------+--------+--------+-----+--------+
         Total |    145 |    145 |      0 |      0 |     97 |   2 |   72.5 |
       Dungeon |    145 |    145 |      0 |      0 |     97 |   2 |   72.5 |
               +--------+--------+--------+--------+--------+-----+--------+

Top non-repeatable levels by time:
     D:1: 131 daAuts
     D:2: 14 daAuts
